[Event "Titled Tuesday Blitz October 31 Late 2023"]
[White "Krzyzanowski, Marcin"]
[Black "Santos Flores, Alberto"]
[WhiteFideId "1132199"]
[BlackFideId "3601234"]
[WhiteElo "2758"]
[BlackElo "2510"]
[Result "1-0"]
[Round "3"]
[TimeControl "180+1"]
[Date "2023.10.31"]
[WhiteClock "0:00:05"]
[BlackClock "0:00:00"]
[Board "31"]

1. e4 e6 2. d4 d5 3. Nc3 Nf6 4. e5 Nfd7 5. Nce2 c5 6. c3 Nc6 7. Nf3 cxd4 8. cxd4 f6 9. exf6 Nxf6 10. Nc3 Bd6 11. Bg5 O-O 12. Bd3 e5 13. Bxf6 Rxf6 14. dxe5 Nxe5 15. Nxe5 Bxe5 16. h3 Bxc3+ 17. bxc3 Qe7+ 18. Kf1 Be6 19. Be2 Qc5 20. Qd4 Rc8 21. Rd1 Qxc3 22. Qxa7 Qb2 23. Qd4 Qxa2 24. Bf3 b5 25. Kg1 Qc4 26. Kh2 Qxd4 27. Rxd4 Rc2 28. Re1 Kf7 29. Kg1 Rc4 30. Rd3 d4 31. Rb1 b4 32. Rbd1 Rf4 33. g3 Rf6 34. Be4 Rc3 35. Rxd4 b3 36. Rb4 Rc4 37. Rb7+ Ke8 38. Bxh7 Rc8 39. Be4 Bxh3 40. Rxb3 Be6 41. Re3 Kf8 42. Bd5 Bxd5 43. Rxd5 Re8 44. Rxe8+ Kxe8 45. Kg2 Kf7 46. Rg5 Ra6 47. f4 Ra3 48. Kh3 Kf6 49. Kg4 Rb3 50. Rf5+ Kg6 51. Re5 Ra3 52. Re6+ Kf7 53. Rb6 Ra4 54. Kg5 Ra5+ 55. f5 Ra4 56. g4 Ra5 57. Rb7+ Kf8 58. Rc7 Rb5 59. Rc8+ Kf7 60. Rh8 Ra5 61. Rh7 Kg8 62. Rh1 Kf7 63. Rc1 Rb5 64. Rc6 Ra5 65. Rc7+ Kf8 66. Kh5 Rb5 67. g5 Rxf5 68. Kg6 Ra5 69. Rc8+ Ke7 70. Rg8 Ke6 71. Rxg7 Rb5 72. Rg8 Ke7 73. Kh7 Kf7 74. g6+ Kf6 75. Rf8+ Ke7 76. Rf7+ Ke8 77. Rf2 Rh5+ 78. Kg8 Ke7 79. g7 Rg5 80. Re2+ Kf6 81. Kf8 Ra5 82. g8=Q Ra8+ 83. Re8 1-0


[Site "https://www.chess.com"]

[Event "Titled Tuesday Blitz October 31 Late 2023"]
[White "Abduzhaparov"]
[Black "Szpar, Milosz"]
[BlackFideId "1184989"]
[WhiteElo "2439"]
[BlackElo "2756"]
[Result "0-1"]
[Round "3"]
[TimeControl "180+1"]
[Date "2023.10.31"]
[WhiteClock "0:00:00"]
[BlackClock "0:00:10"]
[Board "32"]

1. Nf3 c5 2. c4 Nc6 3. d4 cxd4 4. Nxd4 Nf6 5. Nc3 e6 6. e4 Bb4 7. Nxc6 dxc6 8. Qxd8+ Kxd8 9. Bd2 e5 10. f3 Be6 11. O-O-O Nd7 12. Kc2 Kc7 13. a3 Be7 14. Nd5+ Bxd5 15. cxd5 cxd5 16. exd5 Rac8 17. Kb1 Kb8 18. Be3 Bd6 19. Bd3 g6 20. Rc1 a6 21. Rxc8+ Rxc8 22. Rc1 Rxc1+ 23. Kxc1 f5 24. g4 Bc5 25. Bg5 fxg4 26. fxg4 Kc7 27. h4 Bd4 28. h5 Nc5 29. hxg6 Nxd3+ 30. Kd2 e4 31. gxh7 Ne5 32. Bf4 Kd7 33. Bxe5 Bxe5 34. Ke3 Bxb2 35. Kxe4 b5 36. g5 a5 37. g6 Bg7 0-1


[Site "https://www.chess.com"]

[Event "Titled Tuesday Blitz October 31 Late 2023"]
[White "Rastbod, Ali"]
[Black "Ankerst, Mihael"]
[WhiteFideId "12567477"]
[BlackFideId "14602369"]
[WhiteElo "2753"]
[BlackElo "2432"]
[Result "1/2-1/2"]
[Round "3"]
[TimeControl "180+1"]
[Date "2023.10.31"]
[WhiteClock "0:00:06"]
[BlackClock "0:00:09"]
[Board "33"]

1. e4 c5 2. Nc3 Nc6 3. g3 e6 4. Bg2 Be7 5. Nge2 Nf6 6. O-O O-O 7. d4 cxd4 8. Nxd4 d6 9. Nxc6 bxc6 10. e5 Nd5 11. exd6 Qxd6 12. Ne4 Qc7 13. c4 Nf6 14. Bf4 Qb6 15. Nxf6+ Bxf6 16. Bd6 Rd8 17. c5 Qxb2 18. Qa4 Bd7 19. Rab1 Qd4 20. Qa6 h5 21. Rfd1 Qc3 22. Rbc1 Qb2 23. Rb1 Qc2 24. Rdc1 Qf5 25. Rb4 h4 26. g4 Qg6 27. h3 Bc8 28. Qxc6 Bd7 29. Qe4 Qh6 30. f4 g5 31. Rf1 gxf4 32. Qxf4 Qxf4 33. Rfxf4 Bg5 34. Rfc4 Rac8 35. Bb7 Bc6 36. Bxc8 Rxc8 37. Rb8 Be3+ 38. Kh2 Rxb8 39. Bxb8 Kg7 40. Bxa7 Kf6 41. Bb8 e5 42. a3 Bf4+ 43. Rxf4+ exf4 44. Bxf4 Kg6 45. Kg1 f5 46. g5 Kh5 47. Bd2 Kg6 48. Kf2 Kh5 49. Bf4 Kg6 50. Ke3 Kh5 51. Kd4 Kg6 52. Ke5 Bg2 53. Kd6 Bxh3 54. c6 Bg2 55. c7 Bb7 56. Kd7 h3 57. c8=Q Bxc8+ 58. Kxc8 Kh5 59. a4 Kg4 60. Bh2 Kxg5 61. a5 f4 62. a6 f3 63. a7 f2 64. a8=Q f1=Q 65. Qb8 Qf8+ 66. Kd7 Qxb8 67. Bxb8 Kg4 68. Ke6 Kf3 69. Kf5 Kg2 70. Kg4 h2 71. Bxh2 1/2-1/2


[Site "https://www.chess.com"]

[Event "Titled Tuesday Blitz October 31 Late 2023"]
[White "GAO"]
[Black "Schmakel, Sam"]
[BlackFideId "2039311"]
[WhiteElo "2354"]
[BlackElo "2753"]
[Result "0-1"]
[Round "3"]
[TimeControl "180+1"]
[Date "2023.10.31"]
[WhiteClock "0:01:25"]
[BlackClock "0:01:36"]
[Board "34"]

1. Nf3 c5 2. e4 d6 3. d4 cxd4 4. Qxd4 a6 5. c4 Nc6 6. Qe3 g6 7. h3 Bg7 8. Be2 Nf6 9. O-O O-O 10. Nc3 Nd7 11. Rb1 a5 12. b3 b6 13. Bb2 Bb7 14. Rfd1 Rc8 15. a3 Nde5 16. Nxe5 Nxe5 17. Nd5 Bxd5 18. cxd5 Nd7 19. Bxg7 Kxg7 20. Bb5 Rc5 21. Bxd7 Qxd7 22. b4 axb4 23. axb4 Rc4 24. Qxb6 Rxe4 25. Qc6 Qf5 26. b5 Re2 27. Qb6 Rc8 28. Qd4+ Qf6 29. b6 Re1+ 30. Rxe1 Qxd4 31. Rxe7 Rc2 32. Rf1 Qxb6 33. Rd7 Qc5 34. Kh2 Rxf2 35. Re1 0-1


[Site "https://www.chess.com"]

[Event "Titled Tuesday Blitz October 31 Late 2023"]
[White "Kornyukov, Alexey"]
[Black "DopplerCharlotteDeWitte"]
[WhiteFideId "4150457"]
[WhiteElo "2311"]
[BlackElo "2742"]
[Result "0-1"]
[Round "3"]
[TimeControl "180+1"]
[Date "2023.10.31"]
[WhiteClock "0:00:00"]
[BlackClock "0:00:41"]
[Board "35"]

1. d4 d5 2. c4 e6 3. Nc3 Nf6 4. cxd5 exd5 5. Bg5 Bb4 6. e3 h6 7. Bh4 g5 8. Bg3 Ne4 9. Ne2 h5 10. h4 Nxg3 11. Nxg3 gxh4 12. Nxh5 c6 13. Bd3 Qg5 14. Nf4 Bd6 15. Nce2 Bb4+ 16. Nc3 Bf5 17. Qc2 Bxd3 18. Qxd3 Nd7 19. O-O-O O-O-O 20. Kb1 Kb8 21. Nce2 Nf6 22. f3 Rde8 23. a3 Bd6 24. Rdg1 Nh5 25. Nxh5 Rxh5 26. e4 dxe4 27. fxe4 Qg6 28. Nc3 Bg3 29. Rf1 Rg5 30. Rf3 Rd8 31. Rhf1 Be5 32. d5 Rxg2 33. Rxf7 Bxc3 34. Qxc3 Qxe4+ 35. Ka1 Qxd5 36. Rf8 a5 37. Rxd8+ Qxd8 38. Qe5+ Ka7 39. Qe3+ Qb6 0-1


[Site "https://www.chess.com"]

[Event "Titled Tuesday Blitz October 31 Late 2023"]
[White "Le, Quang Liem"]
[Black "Zavgorodniy, Sergiy"]
[WhiteFideId "12401137"]
[BlackFideId "14110148"]
[WhiteElo "3047"]
[BlackElo "2682"]
[Result "1/2-1/2"]
[Round "3"]
[TimeControl "180+1"]
[Date "2023.10.31"]
[WhiteClock "0:00:18"]
[BlackClock "0:00:19"]
[Board "36"]

1. Nf3 d5 2. e3 Nf6 3. c4 e6 4. Nc3 dxc4 5. Bxc4 a6 6. O-O b5 7. Be2 Bb7 8. b3 c5 9. Bb2 Nbd7 10. Rc1 Be7 11. Qc2 Rc8 12. Rfd1 O-O 13. d3 Qb6 14. a4 Rfd8 15. h3 h6 16. Qb1 Ba8 17. Qa1 Bf8 18. Nd2 Nd5 19. Nxd5 Bxd5 20. Bf3 Bxf3 21. Nxf3 Rc7 22. Bc3 Rc6 23. axb5 Qxb5 24. Nd2 Rb8 25. Nc4 Rcc8 26. Rd2 Nb6 27. Ra2 Nd5 28. Bd2 Qxb3 29. e4 Nf6 30. Ra3 Qb7 31. Bxh6 gxh6 32. Qxf6 Bg7 33. Qf4 Rd8 34. e5 Rd4 35. Qe3 Qd5 36. f4 Bf8 37. Rf1 Rd8 38. Rf3 Kh8 39. Kh2 Be7 40. Rxa6 Rxd3 41. Qxd3 Qxd3 42. Rxd3 Rxd3 43. Ra7 Bh4 44. g4 Bg3+ 45. Kg2 Bxf4 46. Nd6 Kg8 47. Nxf7 Rg3+ 48. Kf2 Rxh3 1/2-1/2


[Site "https://www.chess.com"]

[Event "Titled Tuesday Blitz October 31 Late 2023"]
[White "Rosen, Eric"]
[Black "Paravyan, David"]
[WhiteFideId "2032562"]
[BlackFideId "4194985"]
[WhiteElo "2668"]
[BlackElo "3046"]
[Result "1/2-1/2"]
[Round "3"]
[TimeControl "180+1"]
[Date "2023.10.31"]
[WhiteClock "0:00:28"]
[BlackClock "0:02:09"]
[Board "37"]

1. e4 e5 2. Nf3 Nf6 3. Nc3 Nc6 4. d4 exd4 5. Nxd4 Bb4 6. Nxc6 bxc6 7. Bd3 O-O 8. O-O d5 9. Bd2 Bxc3 10. Bxc3 dxe4 11. Bxf6 Qxf6 12. Bxe4 Qxb2 13. Bxc6 Rb8 14. Rb1 Qxb1 15. Qxb1 Rxb1 16. Rxb1 Rd8 17. h4 Kf8 18. Bf3 Bf5 19. Rb7 Rd4 20. Rxc7 Rxh4 21. Bd5 Be6 22. Bb3 a5 23. Ra7 Rh5 24. Kf1 Re5 25. f4 Rf5 26. g3 g5 27. Bxe6 fxe6 28. Ke2 gxf4 29. gxf4 Rxf4 30. Rxa5 Ke7 31. Rh5 Ra4 32. Rxh7+ Kd6 33. Rh3 Rxa2 34. Rc3 Kd5 1/2-1/2


[Site "https://www.chess.com"]

[Event "Titled Tuesday Blitz October 31 Late 2023"]
[White "Piesik, Piotr"]
[Black "Daneshvar, Bardiya"]
[WhiteFideId "1136194"]
[BlackFideId "12576468"]
[WhiteElo "2650"]
[BlackElo "2951"]
[Result "1/2-1/2"]
[Round "3"]
[TimeControl "180+1"]
[Date "2023.10.31"]
[WhiteClock "0:00:36"]
[BlackClock "0:00:27"]
[Board "38"]

1. Nf3 d6 2. d4 g6 3. g3 Bg7 4. Bg2 c5 5. c3 cxd4 6. cxd4 Nf6 7. O-O O-O 8. Nc3 Nc6 9. e4 Bg4 10. Be3 Nd7 11. h3 Bxf3 12. Bxf3 e5 13. d5 Nd4 14. Bg2 Rc8 15. Ne2 Qb6 16. Qd2 Rc7 17. Rad1 Rfc8 18. Nxd4 exd4 19. Bxd4 Qxd4 20. Qxd4 Bxd4 21. Rxd4 Rc2 22. Rb4 b6 23. f4 Rd2 24. Rf2 Rc1+ 25. Bf1 Rdd1 26. Kg2 Nc5 27. e5 Rxd5 28. exd6 Rxd6 29. Rc4 Re1 30. b4 Nd3 31. Bxd3 Rxd3 32. f5 Ree3 33. Rg4 h5 34. Rg5 Kg7 35. fxg6 fxg6 36. h4 Ra3 37. b5 Re6 38. Rd2 Kh6 39. Rgd5 Ree3 40. Rg5 Red3 41. Re2 Rd6 42. Rge5 Rd8 43. Rg5 Rd4 44. Kh3 Rd6 45. Rge5 Ra4 46. Rg5 Rad4 47. Rf2 R6d5 48. Rxd5 Rxd5 49. a4 Rd4 50. Rf4 Rxf4 51. gxf4 Kg7 52. Kg3 Kf6 53. Kf2 Ke6 54. Ke2 Kf6 55. Kf2 Kf7 56. Kf3 Ke7 57. Ke3 Kd6 58. Kd2 Kc5 59. Kc3 Kd5 60. Kd3 Kc5 61. Kc3 Kd5 62. Kd3 Kc5 63. Kc3 1/2-1/2


[Site "https://www.chess.com"]

[Event "Titled Tuesday Blitz October 31 Late 2023"]
[White "Ilamparthi A R"]
[Black "Luczak, Filip"]
[WhiteFideId "45015775"]
[BlackFideId "1193686"]
[WhiteElo "2938"]
[BlackElo "2639"]
[Result "1/2-1/2"]
[Round "3"]
[TimeControl "180+1"]
[Date "2023.10.31"]
[WhiteClock "0:00:06"]
[BlackClock "0:00:03"]
[Board "39"]

1. d4 g6 2. Nf3 Bg7 3. Bf4 c5 4. e3 Qb6 5. Nc3 Qxb2 6. Nb5 Na6 7. Be2 cxd4 8. exd4 Qb4+ 9. c3 Qa5 10. O-O Nf6 11. Re1 O-O 12. Bf1 Re8 13. Qb3 d6 14. Ng5 d5 15. c4 h6 16. Nf3 Be6 17. Rxe6 fxe6 18. Ne5 g5 19. Bg3 Rad8 20. h4 Ne4 21. hxg5 hxg5 22. Be2 Rf8 23. Bg4 Rf6 24. a3 Nb8 25. cxd5 exd5 26. Bf3 Nd2 27. Bxd5+ Kf8 28. Qc2 Qxb5 29. Ba2 Qe2 30. Qh7 e6 31. Rc1 Qe4 32. Qh5 Nc6 33. Nxc6 bxc6 34. Be5 Qf5 35. Bxf6 Qxf6 36. Rxc6 Ne4 37. Qe2 Rxd4 38. Rxe6 Rd1+ 39. Qxd1 Qxf2+ 40. Kh2 Qh4+ 41. Kg1 Qf2+ 42. Kh2 Qg3+ 43. Kg1 Qe3+ 44. Kh2 Qf4+ 45. Kg1 Qf2+ 1/2-1/2


[Site "https://www.chess.com"]

[Event "Titled Tuesday Blitz October 31 Late 2023"]
[White "Cordova, Emilio"]
[Black "Pinheiro, Iung Alicio de O."]
[WhiteFideId "3801497"]
[BlackFideId "2104350"]
[WhiteElo "2927"]
[BlackElo "2638"]
[Result "1-0"]
[Round "3"]
[TimeControl "180+1"]
[Date "2023.10.31"]
[WhiteClock "0:01:10"]
[BlackClock "0:00:04"]
[Board "40"]

1. d4 Nf6 2. c4 e6 3. Nc3 Bb4 4. a3 Bxc3+ 5. bxc3 c5 6. e3 Nc6 7. Bd3 d6 8. Ne2 e5 9. O-O h6 10. Ng3 Qe7 11. f4 e4 12. Bb1 Kd8 13. dxc5 Bg4 14. Qxd6+ Qxd6 15. cxd6 Re8 16. c5 Bd7 17. Ba2 Rf8 18. Rb1 Na5 19. Bd2 Be6 20. Bxe6 fxe6 21. Rb4 Nd7 22. Nxe4 Rc8 23. Ra4 Nxc5 24. Nxc5 Rxc5 25. e4 Nc4 26. Bc1 a6 27. e5 Kd7 28. Rd1 g5 29. Rd4 b5 30. Rxa6 gxf4 31. Ra7+ Kc6 32. d7 Rd8 33. Bxf4 Rd5 34. Rxd5 Kxd5 35. Bxh6 Nxe5 36. Bg5 Rxd7 37. Rxd7+ Nxd7 38. h4 Ke4 39. h5 Kf5 40. h6 Kg6 41. Kf2 Ne5 42. Ke2 Kxg5 43. h7 Ng6 44. c4 bxc4 45. a4 c3 46. a5 c2 47. Kd2 e5 48. a6 e4 49. a7 e3+ 50. Kxc2 e2 51. Kd2 Nf4 52. h8=Q 1-0


[Site "https://www.chess.com"]

[Event "Titled Tuesday Blitz October 31 Late 2023"]
[White "Zeynalli, Rashad"]
[Black "Grigoriants, Sergey"]
[WhiteFideId "13403320"]
[BlackFideId "4130804"]
[WhiteElo "2632"]
[BlackElo "2892"]
[Result "0-1"]
[Round "3"]
[TimeControl "180+1"]
[Date "2023.10.31"]
[WhiteClock "0:01:13"]
[BlackClock "0:00:38"]
[Board "41"]

1. e4 e6 2. d4 d5 3. Nc3 Nf6 4. Bg5 h6 5. Bxf6 Qxf6 6. exd5 Bb4 7. Ne2 O-O 8. a3 Ba5 9. g3 Qf3 10. Rg1 exd5 11. Bg2 Bxc3+ 12. Nxc3 Re8+ 13. Kf1 Qxd1+ 14. Rxd1 c6 15. Re1 Be6 16. f4 Nd7 17. Kf2 Bf5 18. Rc1 Nf6 19. Bf3 h5 20. Rge1 Rxe1 21. Rxe1 Bxc2 22. Re7 Rb8 23. b4 Kf8 24. Rc7 Ne8 25. Rd7 Bf5 0-1


[Site "https://www.chess.com"]

[Event "Titled Tuesday Blitz October 31 Late 2023"]
[White "Souleidis, Georgios"]
[Black "Rustemov, Alexander"]
[WhiteFideId "4206827"]
[BlackFideId "4119002"]
[WhiteElo "2614"]
[BlackElo "2869"]
[Result "0-1"]
[Round "3"]
[TimeControl "180+1"]
[Date "2023.10.31"]
[WhiteClock "0:00:00"]
[BlackClock "0:00:40"]
[Board "42"]

1. e4 e6 2. d4 d5 3. Nc3 dxe4 4. Nxe4 Bd7 5. Bd3 Bc6 6. Nf3 Nd7 7. c3 Ngf6 8. Qe2 Nxe4 9. Bxe4 Bxe4 10. Qxe4 c6 11. O-O Be7 12. Bf4 O-O 13. Rad1 Qa5 14. a3 Qd5 15. Qe2 Rfe8 16. Rfe1 Rad8 17. h3 Bf6 18. Ne5 Qb5 19. c4 Qb6 20. c5 Qb5 21. Qxb5 cxb5 22. c6 bxc6 23. Nxc6 Ra8 24. d5 Nb6 25. dxe6 Rxe6 26. Rxe6 fxe6 27. b3 Nd5 28. Be3 a6 29. Nb4 Nxe3 30. fxe3 a5 31. Nc6 a4 32. b4 Bb2 33. Rd3 Kf7 34. Kf1 Rc8 35. Nd4 Bxd4 36. exd4 Rc1+ 37. Kf2 Ra1 38. Kf3 Ke7 39. Ke4 Kd6 40. Rc3 Re1+ 41. Kf3 Kd5 42. Rc5+ Kxd4 43. Rxb5 Ra1 44. Kf2 Ra2+ 45. Kf1 Rxa3 46. Rb7 Rb3 47. Rxg7 a3 48. Ra7 Kc3 49. b5 Kb2 0-1


[Site "https://www.chess.com"]

[Event "Titled Tuesday Blitz October 31 Late 2023"]
[White "Ashraf, Artin"]
[Black "Manukyan, Sargis A."]
[WhiteFideId "22514805"]
[BlackFideId "13303970"]
[WhiteElo "2848"]
[BlackElo "2613"]
[Result "0-1"]
[Round "3"]
[TimeControl "180+1"]
[Date "2023.10.31"]
[WhiteClock "0:00:07"]
[BlackClock "0:00:04"]
[Board "43"]

1. d4 d5 2. c4 e6 3. Nc3 Nf6 4. Nf3 Be7 5. Bf4 c5 6. e3 cxd4 7. exd4 O-O 8. c5 b6 9. b4 a5 10. a3 axb4 11. axb4 Rxa1 12. Qxa1 bxc5 13. dxc5 Nc6 14. Qa4 d4 15. Qxc6 dxc3 16. Bc4 Nd5 17. Bxd5 exd5 18. O-O Bg4 19. Nd4 Bf6 20. Be3 Bg5 21. Bxg5 Qxg5 22. Qd6 Qd2 23. Nb3 Qb2 24. Qxd5 Be6 25. Qd4 Bxb3 26. c6 Qd2 27. Qc5 c2 28. b5 Qd1 29. c7 Be6 30. b6 Bc8 31. Qc4 Re8 32. b7 Bxb7 33. Qa4 Qxf1+ 0-1


[Site "https://www.chess.com"]

[Event "Titled Tuesday Blitz October 31 Late 2023"]
[White "Lobanov, Sergei"]
[Black "Fiorito, Francisco"]
[WhiteFideId "24183750"]
[BlackFideId "180165"]
[WhiteElo "2820"]
[BlackElo "2612"]
[Result "1-0"]
[Round "3"]
[TimeControl "180+1"]
[Date "2023.10.31"]
[WhiteClock "0:01:48"]
[BlackClock "0:01:06"]
[Board "44"]

1. d4 Nf6 2. c4 c5 3. d5 e5 4. Nc3 d6 5. e4 g6 6. Nf3 Bg7 7. h3 O-O 8. Be2 Nh5 9. g3 h6 10. Nd2 Nf6 11. Nf1 Nh7 12. g4 Qh4 13. Ne3 a6 14. Ng2 Qe7 15. h4 Rd8 16. Be3 Nd7 17. Qd2 Qf8 18. h5 g5 19. f3 Nhf6 20. Bf2 Ne8 21. Ne3 Nc7 22. a3 b5 23. cxb5 axb5 24. Nxb5 Nxb5 25. Bxb5 Nb6 26. O-O Ba6 27. Bxa6 Rxa6 28. b4 Nd7 29. Nf5 Rc8 30. Rfc1 cxb4 31. Rxc8 Qxc8 32. Ne7+ 1-0


[Site "https://www.chess.com"]

[Event "Titled Tuesday Blitz October 31 Late 2023"]
[White "Filipets, Egor"]
[Black "Eljanov, Pavel"]
[WhiteFideId "13503928"]
[BlackFideId "14102951"]
[WhiteElo "2600"]
[BlackElo "2815"]
[Result "0-1"]
[Round "3"]
[TimeControl "180+1"]
[Date "2023.10.31"]
[WhiteClock "0:00:03"]
[BlackClock "0:00:42"]
[Board "45"]

1. c4 Nf6 2. Nf3 e6 3. g3 d5 4. Bg2 d4 5. O-O c5 6. Na3 Nc6 7. d3 Be7 8. Nc2 O-O 9. Rb1 a5 10. b3 e5 11. a3 h6 12. Bd2 e4 13. Nfe1 Bf5 14. b4 axb4 15. axb4 b6 16. b5 Ne5 17. Bf4 Ng6 18. Bc1 Qd7 19. f3 e3 20. f4 Bh3 21. Nf3 Bxg2 22. Kxg2 h5 23. Nxe3 dxe3 24. Bxe3 h4 25. Qd2 Qg4 26. Ne5 Nxe5 27. fxe5 Nd7 28. Rf4 h3+ 29. Kg1 Qe6 30. Re4 Nxe5 31. Bf4 Bd6 32. Qe3 f6 33. Rf1 Qd7 34. Bxe5 Bxe5 35. Qf3 Rae8 36. Rh4 Bd4+ 37. Kh1 Re3 38. Qh5 Qb7+ 39. Rf3 Rxf3 40. exf3 f5 41. Rxh3 Qd7 42. Kg2 Qe6 43. f4 Re8 44. Qf3 Qe2+ 45. Qxe2 Rxe2+ 46. Kf1 Rd2 47. g4 fxg4 48. Rg3 Rf2+ 49. Ke1 Rxf4 50. Ke2 Kf7 51. h3 Rf2+ 52. Ke1 Rf3 53. Rxg4 Rxd3 54. h4 Bf6 55. h5 Rd4 0-1


[Site "https://www.chess.com"]

[Event "Titled Tuesday Blitz October 31 Late 2023"]
[White "Mekhitarian, Krikor Sevag"]
[Black "Likvidator228"]
[WhiteFideId "2107660"]
[WhiteElo "2771"]
[BlackElo "2535"]
[Result "0-1"]
[Round "3"]
[TimeControl "180+1"]
[Date "2023.10.31"]
[WhiteClock "0:00:03"]
[BlackClock "0:00:13"]
[Board "46"]

1. Nf3 d5 2. c4 e6 3. d4 c6 4. cxd5 exd5 5. Nc3 Nf6 6. Bf4 Bf5 7. e3 Bd6 8. Bxd6 Qxd6 9. Nh4 Be6 10. Bd3 O-O 11. Qb3 b6 12. Rc1 Nbd7 13. Qc2 Rfe8 14. O-O Rac8 15. h3 Nf8 16. Rcd1 Ng6 17. Nf3 Bd7 18. a3 c5 19. dxc5 bxc5 20. Bf5 Red8 21. Bxg6 hxg6 22. e4 d4 23. e5 Qb6 24. exf6 dxc3 25. Qxc3 Qxf6 26. Rc1 Be6 27. Rfe1 Qf4 28. Re3 g5 29. Rce1 g4 30. Re4 Qd6 31. hxg4 Qd3 32. Qxd3 Rxd3 33. R1e2 c4 34. Nd4 Bd5 35. Rf4 g5 36. Rf5 Rxd4 37. Rxg5+ Kf8 38. f3 Rd1+ 39. Kh2 c3 40. bxc3 Rxc3 41. a4 Be6 42. Kg3 Ra3 43. Ra5 Rd7 44. Re4 Rb7 45. Rf4 Kg7 46. Ra6 Ra2 47. Kh3 Rbb2 48. Rxa7 Rxg2 49. a5 Rh2+ 50. Kg3 Rag2# 0-1


[Site "https://www.chess.com"]

[Event "Titled Tuesday Blitz October 31 Late 2023"]
[White "Gedajlovic, Max"]
[Black "Nilsen, Tobias Lang"]
[WhiteFideId "2616840"]
[BlackFideId "1521624"]
[WhiteElo "2732"]
[BlackElo "2535"]
[Result "1-0"]
[Round "3"]
[TimeControl "180+1"]
[Date "2023.10.31"]
[WhiteClock "0:00:40"]
[BlackClock "0:01:11"]
[Board "47"]

1. e4 e6 2. d4 d5 3. e5 c5 4. c3 Qb6 5. Nf3 Bd7 6. Bd3 Bb5 7. dxc5 Bxc5 8. b4 Bf8 9. Be3 Qa6 10. Bxb5+ Qxb5 11. Nd4 Qd7 12. a4 Ne7 13. O-O Nbc6 14. f4 Nxd4 15. Bxd4 Nf5 16. Bf2 h5 17. Qd3 Be7 18. Nd2 Rc8 19. Bxa7 O-O 20. Bf2 Rfd8 21. Nb3 Qc6 22. Rfc1 Qc4 23. Qxc4 dxc4 24. Nc5 Bxc5 25. Bxc5 Rd3 26. a5 Rd2 27. Bf2 Rcd8 28. b5 Rb2 29. Rcb1 Rxb1+ 30. Rxb1 Ra8 31. Ra1 Ne7 32. Bc5 Nd5 33. a6 bxa6 34. Rxa6 Rb8 35. b6 Nxc3 36. Ra7 Nb5 37. Ra4 c3 38. Rc4 f6 39. exf6 gxf6 40. Kf2 Kf7 41. Ke2 e5 42. fxe5 fxe5 43. Kd3 Ke6 44. Be3 Rd8+ 45. Ke2 Kd5 46. Rc5+ Ke4 47. Rxb5 c2 48. Rc5 Rg8 49. g3 h4 50. Rc4+ Kd5 51. Rxh4 Rb8 52. Rb4 Rb7 53. Rb2 Rh7 54. h4 1-0


[Site "https://www.chess.com"]

[Event "Titled Tuesday Blitz October 31 Late 2023"]
[White "Tokhirjonova, Gulrukhbegim"]
[Black "Curtis, John"]
[WhiteFideId "14203626"]
[BlackFideId "3200256"]
[WhiteElo "2705"]
[BlackElo "2158"]
[Result "1/2-1/2"]
[Round "3"]
[TimeControl "180+1"]
[Date "2023.10.31"]
[WhiteClock "0:00:11"]
[BlackClock "0:00:11"]
[Board "48"]

1. e4 e5 2. Nf3 Nc6 3. Bc4 Bc5 4. c3 Bb6 5. d4 Qe7 6. d5 Nb8 7. b4 d6 8. h3 a5 9. Bg5 Nf6 10. Qe2 axb4 11. cxb4 Nbd7 12. Nc3 h6 13. Bd2 Bd4 14. Nxd4 exd4 15. Nb5 Nb6 16. Bd3 O-O 17. O-O Re8 18. Rfe1 Qd7 19. Qf3 Nh7 20. Nxd4 Ra3 21. Nb5 Ra4 22. a3 Ng5 23. Bxg5 hxg5 24. Nd4 c6 25. Rec1 g4 26. hxg4 Qxg4 27. dxc6 bxc6 28. Rxc6 Qxf3 29. gxf3 Nd7 30. Rac1 Ra8 31. Rxd6 Ne5 32. Be2 Rxa3 33. Kf1 Nd3 34. Bxd3 Rxd3 35. Ke2 Ra3 36. Nf5 Bxf5 37. Rc5 Be6 38. b5 Rb3 39. b6 Rb8 40. Rcc6 Rb5 41. Ke3 g6 42. f4 Kf8 43. Kd4 Ke7 44. e5 Ke8 45. f3 Rb4+ 46. Ke3 Rb5 47. Kd4 Rb4+ 48. Ke3 Rb5 49. Kd4 1/2-1/2


[Site "https://www.chess.com"]

[Event "Titled Tuesday Blitz October 31 Late 2023"]
[White "Oparin, Grigoriy"]
[Black "Ramadoss, Ashokkumar"]
[WhiteFideId "24125890"]
[BlackFideId "5040990"]
[WhiteElo "2963"]
[BlackElo "2380"]
[Result "1-0"]
[Round "3"]
[TimeControl "180+1"]
[Date "2023.10.31"]
[WhiteClock "0:01:46"]
[BlackClock "0:00:10"]
[Board "49"]

1. Nc3 d5 2. e4 dxe4 3. Nxe4 Bd7 4. Nf3 Bc6 5. Qe2 e6 6. Ne5 Nf6 7. Nxc6 Nxc6 8. c3 Nxe4 9. Qxe4 Qd5 10. Qxd5 exd5 11. d4 O-O-O 12. Be3 Bd6 13. Kd2 Rde8 14. h4 h6 15. g3 Nd8 16. Bh3+ Kb8 17. h5 c6 18. Rae1 Re7 19. f4 Rhe8 20. Bf2 Kc7 21. Rxe7+ Rxe7 22. Kd3 Ne6 23. b3 Nf8 24. c4 Kd8 25. Bg2 dxc4+ 26. bxc4 Nd7 27. Rb1 Nf6 28. Bf3 b6 29. Be3 c5 30. d5 Kc7 31. g4 Nd7 32. Rg1 f6 33. Be4 Nb8 34. Bf5 Na6 35. a3 Kd8 36. Rb1 Nc7 37. Bd2 Ne8 38. Bg6 Bc7 39. a4 Nd6 40. g5 fxg5 41. fxg5 Nf7 42. gxh6 Nxh6 43. Bg5 1-0


[Site "https://www.chess.com"]

[Event "Titled Tuesday Blitz October 31 Late 2023"]
[White "Slade, Theodore"]
[Black "Khismatullin, Denis"]
[WhiteFideId "426547"]
[BlackFideId "4142578"]
[WhiteElo "2518"]
[BlackElo "2932"]
[Result "0-1"]
[Round "3"]
[TimeControl "180+1"]
[Date "2023.10.31"]
[WhiteClock "0:00:00"]
[BlackClock "0:00:42"]
[Board "50"]

1. d4 Nf6 2. c4 e6 3. g3 c5 4. d5 exd5 5. cxd5 d6 6. Nc3 g6 7. Bg2 Bg7 8. Nf3 O-O 9. O-O a6 10. a4 Re8 11. Bf4 Bf5 12. Nd2 Nh5 13. Nc4 Nxf4 14. gxf4 Bg4 15. Re1 Qe7 16. Qc2 Nd7 17. h3 Bh5 18. e4 Bd4 19. Ne2 Bxe2 20. Rxe2 b5 21. axb5 axb5 22. Rxa8 Rxa8 23. Nd2 Ra1+ 24. Nf1 Qh4 25. Qd2 h5 26. Kh2 Rb1 27. Qd3 Qxf4+ 28. Kg1 Re1 29. Qxb5 Ne5 30. b4 c4 31. Qb8+ Kg7 32. Ra2 Nd3 0-1


[Site "https://www.chess.com"]

[Event "Titled Tuesday Blitz October 31 Late 2023"]
[White "Zhigalko, Sergei"]
[Black "HeroRubiksCube"]
[WhiteFideId "13502956"]
[WhiteElo "2903"]
[BlackElo "2517"]
[Result "1-0"]
[Round "3"]
[TimeControl "180+1"]
[Date "2023.10.31"]
[WhiteClock "0:01:42"]
[BlackClock "0:01:45"]
[Board "51"]

1. e4 e6 2. d4 d5 3. e5 c5 4. c3 Nc6 5. Nf3 Bd7 6. Be2 Qb6 7. O-O cxd4 8. cxd4 Nge7 9. Na3 Nf5 10. Nc2 Be7 11. Bd3 Nfxd4 12. Nfxd4 Nxd4 13. Be3 Bc5 14. b4 Bxb4 15. Nxd4 Qd8 16. Rb1 a5 17. Qg4 g6 18. Bg5 Qb8 19. Bf6 Rg8 20. Rfc1 h5 21. Qf4 b6 22. Nb5 Bc5 23. Rxc5 bxc5 24. Nd6+ Kf8 25. Qh6+ 1-0


[Site "https://www.chess.com"]

[Event "Titled Tuesday Blitz October 31 Late 2023"]
[White "Friedland, Moshe"]
[Black "Kovalev, Vladislav"]
[WhiteFideId "2812843"]
[BlackFideId "13504398"]
[WhiteElo "2516"]
[BlackElo "2897"]
[Result "0-1"]
[Round "3"]
[TimeControl "180+1"]
[Date "2023.10.31"]
[WhiteClock "0:00:29"]
[BlackClock "0:02:16"]
[Board "52"]

1. a3 g6 2. Nf3 Bg7 3. d4 Nf6 4. c3 O-O 5. Bf4 b6 6. e3 Bb7 7. h3 d6 8. Be2 Nbd7 9. O-O c5 10. Nbd2 a6 11. a4 Ra7 12. Bh2 Qa8 13. Re1 Rb8 14. Qb3 b5 15. axb5 axb5 16. Rxa7 Qxa7 17. dxc5 Nxc5 18. Qc2 Qa4 19. b3 Qa3 20. Nd4 b4 21. cxb4 Qxb4 22. Ra1 Nfe4 23. Nxe4 Bxe4 24. Qc4 Nxb3 25. Qxb4 Rxb4 26. f3 0-1


[Site "https://www.chess.com"]